 Dungeon Sprint DCSS version 0.23.2-1-ga50397a6bc (webtiles) character file.

Game seed: 12741929088000649988

81 Ikoden the Thrower (level 4, -2/48 HPs)
             Began as an Ogre Hunter on May 15, 2019.
             Was an Initiate of Yredelemnul.
             Slain by an unseen horror (10 damage)
             ... in the Dungeon (Sprint IX: "|||||||||||||||||||||||||||||").
             The game lasted 00:02:51 (569 turns).

Ikoden the Thrower (Ogre Hunter)                     Turns: 569, Time: 00:02:51

Health: -2/48      AC:  6    Str: 17    XL:     4   Next: 42%
Magic:  4/4        EV: 10    Int: 12    God:    Yredelemnul [......]
Gold:   0          SH:  0    Dex: 12    Spells: 3/3 levels left

rFire    . . .     SeeInvis .   p - +2 dire flail (crush)
rCold    . . .     Gourm    .   (shield currently unavailable)
rNeg     . . .     Faith    .   b - +0 robe
rPois    .         Spirit   .   (helmet restricted)
rElec    .         Reflect  .   q - +0 cloak
rCorr    .         Harm     .   (gloves unavailable)
MR       .....     NoTele   +   (boots unavailable)
Stlth    ++........             (no amulet)
HPRegen  0.16/turn              r - +2 ring of protection
MPRegen  0.09/turn              s - +3 ring of dexterity

@: very slightly contaminated, invisible
A: large, unfitting armour, tough skin 1
a: Renounce Religion


You were in the Dungeon.
You worshipped Yredelemnul.
Yredelemnul was noncommittal.
You were not hungry.

You visited 1 branch

Inventory:

Hand Weapons
 a - a +0 short sword
 p - a +2 dire flail of crushing (weapon)
Armour
 b - a +0 robe (worn)
 q - a +0 cloak (worn)
Magical Staves
 o - an uncursed staff of energy
Jewellery
 r - a +2 ring of protection (left hand)
 s - a +3 ring of dexterity (right hand)
Wands
 n - a wand of iceblast (10)
Scrolls
 k - 2 scrolls of blinking
 l - 3 scrolls of remove curse
 m - 2 scrolls of amnesia
Potions
 h - a potion of haste
 i - 4 potions of magic
 j - 3 potions of curing
Comestibles
 f - a ration


   Skills:
 + Level 4.0 Fighting
 + Level 0.4 Short Blades
 + Level 0.2 Maces & Flails
 + Level 8.5 Throwing
 + Level 2.8 Dodging
 + Level 1.0 Stealth


You had 3 spell levels left.
You didn't know any spells.
Your spell library was empty.

Dungeon Overview and Level Annotations

Branches:
Dungeon (1/1)

Altars:
Cheibriados
Dithmenos
Elyvilon
Fedhas
Gozag
Hepliaklqana
Kikubaaqudgha
Makhleb
Nemelex Xobeh
Okawaru
Qazlal
Ru
Sif Muna
Trog
Uskayaw
Vehumet
Wu Jian
Xom
Yredelemnul
Zin
The Shining One
Beogh
Jiyva
Lugonu


Innate Abilities, Weirdness & Mutations

You are too large for most types of armour.
You have tough skin. (AC +1)


Message History

Press: ? - help, Shift-Dir - straight line, f/p - ogre
Aim: an ogre, wielding a +0 giant club (heavily wounded)
You throw a large rock. The large rock hits the ogre.
The ogre is heavily wounded.
Something hits you! x3
* * * LOW HITPOINT WARNING * * *
You feel much better. Something hits you. Something hits you!
* * * LOW HITPOINT WARNING * * *
You fade into invisibility!
Something hits you.
* * * LOW HITPOINT WARNING * * *
You are very lightly contaminated with residual magic.
Something hits you.
* * * LOW HITPOINT WARNING * * *
Something hits you.
* * * LOW HITPOINT WARNING * * *
You see here a +1 chain mail.
You feel better. Something hits you!
You die...
Your body rises from the dead as a mindless zombie.

▓.▓
▓.▓
▓Z▓
▓(▓
▓5▓
▓F▓
▓O▓
▓{▓
▓@▓
▓[▓
▓.▓
▓)▓
▓.▓
▓.▓
▓.▓
▓'▓
▓_▓


You could see an ogre, a bullfrog, a shadow imp and a quokka skeleton.

Vanquished Creatures
  An orc priest (D)
  An orc wizard (D)
  A gnoll (D)
  An ooze (D)
  A dart slug (D)
  A bat zombie (D)
  A goblin (D)
  2 hobgoblins (D)
  A kobold (D)
  A ball python (D)
11 creatures vanquished.

Notes
Turn   | Place    | Note
-------+----------+-------------------------------------------
     0 | D        | Ikoden the Ogre Hunter began the quest for the Orb.
     0 | D        | Reached XP level 1. HP: 22/22 MP: 1/1
     6 | D        | Reached skill level 5 in Throwing
     7 | D        | Reached XP level 2. HP: 25/29 MP: 2/2
    45 | D        | Reached skill level 6 in Throwing
    48 | D        | Reached XP level 3. HP: 28/37 MP: 3/3
    55 | D        | Reached skill level 7 in Throwing
   501 | D        | Found a roughly hewn altar of Beogh.
   501 | D        | Found a snail-covered altar of Cheibriados.
   501 | D        | Found a shadowy altar of Dithmenos.
   501 | D        | Found a white marble altar of Elyvilon.
   501 | D        | Found a blossoming altar of Fedhas.
   501 | D        | Found an opulent altar of Gozag.
   502 | D        | Found a hazy altar of Hepliaklqana.
   503 | D        | Found a viscous altar of Jiyva.
   504 | D        | Found an ancient bone altar of Kikubaaqudgha.
   505 | D        | Found a corrupted altar of Lugonu.
   506 | D        | Found a burning altar of Makhleb.
   507 | D        | Found a sparkling altar of Nemelex Xobeh.
   508 | D        | Found an iron altar of Okawaru.
   509 | D        | Found a stormy altar of Qazlal.
   510 | D        | Found a sacrificial altar of Ru.
   511 | D        | Found a deep blue altar of Sif Muna.
   512 | D        | Found a bloodstained altar of Trog.
   513 | D        | Found a hide-covered altar of Uskayaw.
   514 | D        | Found a radiant altar of Vehumet.
   515 | D        | Found an ornate altar of the Wu Jian Council.
   516 | D        | Found a shimmering altar of Xom.
   517 | D        | Found a basalt altar of Yredelemnul.
   518 | D        | Found a glowing silver altar of Zin.
   519 | D        | Found a glowing golden altar of the Shining One.
   527 | D        | Became a worshipper of Yredelemnul the Dark
   557 | D        | Noticed a bullfrog
   557 | D        | Noticed an ogre
   560 | D        | Reached skill level 8 in Throwing
   560 | D        | Reached skill level 1 in Stealth
   560 | D        | Reached XP level 4. HP: 29/48 MP: 4/4
   568 | D        | HP: 2/48 [something (5)]
   569 | D        | Slain by an unseen horror

Skill      XL: |  1  2  3 |
---------------+----------+-----
Throwing       | 5 6 8 |  8.5
Dodging        | 2 |  2.8
Fighting       | 3 4 |  4.0
Stealth        | 1 |  1.0
Short Blades   | |  0.4
Maces & Flails | |  0.2

Action                   |  1- 3 |  4- 6 || total
-------------------------+-------+-------++-------
Melee: Short sword       |    24 |       ||    24
       Dire flail        |     1 |       ||     1
Throw: Large rock        |    11 |     3 ||    14
       Throwing net      |     5 |       ||     5
  Use: Potion            |     3 |     4 ||     7
Armor: Robe              |     4 |     1 ||     5
Dodge: Dodged            |    16 |     1 ||    17
